 Dungeon Sprint DCSS version 0.20-a0-1109-ge3cd172 (webtiles) character file.

808 potatolord5000 the Spear-Bearer (level 7, -1/66 HPs)
             Began as a Merfolk Gladiator on May 5, 2017.
             Slain by a tyrant leech (25 damage)
             ... in the Dungeon (Sprint II: "The Violet Keep of Menkaure").
             The game lasted 00:02:30 (262 turns).

potatolord5000 the Spear-Bearer (Merfolk Gladiator)  Turns: 262, Time: 00:02:31

Health: -1/66      AC:  4    Str: 14    XL:     7   Next: 92%
Magic:  7/7        EV: 21    Int:  8    God:
Gold:   486        SH:  0    Dex: 17    Spells: 6/6 levels left

rFire    . . .     SeeInvis .   a - +0 trident
rCold    . . .     Gourm    .   (no shield)
rNeg     . . .     Faith    .   b - +0 leather armour
rPois    .         Spirit   .   c - +0 helmet
rElec    .         Reflect  .   (no cloak)
rCorr    .         Harm     .   (no gloves)
MR       .....     NoTele   +   (no boots)
Stlth    +++.......             (no amulet)
Regen    0.3/turn               (no ring)
MPRegen  0.1/turn               (no ring)

@: no status effects
A: change form in water, swift swim, stealthy swim
a: no special abilities


You were in the Dungeon.
You were not hungry.

You visited 1 branch You collected 486 gold pieces.

Inventory:

Hand Weapons
 a - a +0 trident (weapon)
Missiles
 d - 3 throwing nets (quivered)
Armour
 b - a +0 leather armour (worn)
 c - a +0 helmet (worn)
Scrolls
 k - a scroll of blinking
Potions
 e - a potion of curing
 i - 2 potions of magic
Comestibles
 f - a bread ration


   Skills:
 + Level 10.3 Fighting
 + Level 13.4 Polearms
 - Level 2.0 Throwing
 + Level 12.4 Dodging
 + Level 5.9 Stealth


You had 6 spell levels left.
You didn't know any spells.

Dungeon Overview and Level Annotations

Branches:
Dungeon (1/1)

Altars:


Message History

You barely miss the tyrant leech.
The tyrant leech is moderately wounded.
The tyrant leech misses you.
You barely miss the tyrant leech.
The tyrant leech is moderately wounded.
You hit the tyrant leech.
The tyrant leech is heavily wounded.
The tyrant leech misses you.
You miss the tyrant leech.
The tyrant leech is moderately wounded.
You closely miss the tyrant leech.
The tyrant leech is moderately wounded.
The tyrant leech bites you!
The tyrant leech draws strength from your injuries!
You hit the tyrant leech.
The tyrant leech is moderately wounded.
You closely miss the tyrant leech.
The tyrant leech is moderately wounded.
The tyrant leech bites you!!
You die...

## ## ##. .##
#.. ..#
####.#.# ##
##.###÷###.##
#.).##.##...#
+.#.'.<.†.#
#...##@####
##.###w# ###
.#w .. .. ##.
$## ## ##


You could see 2 tyrant leeches.

Vanquished Creatures
  A merfolk siren (D)
  Menkaure (D)
  4 necrophages (D)
  2 worms (D)
8 creatures vanquished.

Vanquished Creatures (others)
  2 crocodiles (D)
2 creatures vanquished.

Grand Total: 10 creatures vanquished

Notes
Turn   | Place    | Note
-------+----------+-------------------------------------------
     0 | D        | potatolord5000 the Merfolk Gladiator began the quest for the Orb.
     0 | D        | Reached XP level 1. HP: 16/16 MP: 1/1
     1 | D        | Noticed a necrophage
     1 | D        | Noticed a necrophage
     1 | D        | Noticed a necrophage
     1 | D        | Noticed a necrophage
    11 | D        | Killed a necrophage
    11 | D        | Reached skill level 5 in Fighting
    11 | D        | Reached skill level 8 in Polearms
    11 | D        | Reached XP level 2. HP: 25/25 MP: 2/2
    11 | D        | Reached XP level 3. HP: 31/31 MP: 3/3
    11 | D        | Reached XP level 4. HP: 37/37 MP: 4/4
    19 | D        | Killed a necrophage
    19 | D        | Reached skill level 9 in Polearms
    19 | D        | Reached XP level 5. HP: 46/46 MP: 5/5
    28 | D        | Killed a necrophage
    28 | D        | Reached skill level 10 in Polearms
    28 | D        | Reached skill level 10 in Dodging
    28 | D        | Reached XP level 6. HP: 42/52 MP: 6/6
    40 | D        | Killed a necrophage
    40 | D        | Reached skill level 11 in Polearms
    70 | D        | Noticed Menkaure
   146 | D        | Killed Menkaure
   146 | D        | Reached skill level 12 in Polearms
   146 | D        | Reached XP level 7. HP: 60/60 MP: 7/7
   150 | D        | Noticed a merfolk siren
   159 | D        | Killed a merfolk siren
   159 | D        | Reached skill level 10 in Fighting
   159 | D        | Reached skill level 13 in Polearms
   159 | D        | Reached skill level 5 in Stealth
   229 | D        | Noticed a tyrant leech
   229 | D        | Noticed a tyrant leech
   262 | D        | Slain by a tyrant leech

Vault maps used:
D:        the_violet_keep_of_menkaure

Skill      XL: |  1  2  3  4  5  6  7 |
---------------+----------------------+-----
Fighting       | 5 7 8 9 10 | 10.3
Polearms       | 8 9 10 12 13 | 13.4
Dodging        | 7 9 10 11 12 | 12.4
Stealth        | 3 5 |  5.9
Throwing       | |  2.0

Action                   |  1- 3 |  4- 6 |  7- 9 || total
-------------------------+-------+-------+-------++-------
Melee: Trident           |     8 |    45 |    39 ||    92
  Use: Potion            |     2 |       |     1 ||     3
 Stab: Sleeping          |       |       |     1 ||     1
Armor: Leather armour    |     1 |     1 |     1 ||     3
Dodge: Dodged            |     2 |    13 |    12 ||    27
